 Dungeon Crawl Stone Soup version 0.28-a0-500-g121bc3e445 (webtiles) character file.

Game seed: 5452197460566949066

36 speeev33 the Vandal (level 3, 0/31 HPs)
             Began as a Minotaur Hunter on Sept 19, 2021.
             Slain by a jackal (2 damage)
             ... on level 2 of the Dungeon.
             The game lasted 00:01:49 (440 turns).

speeev33 the Vandal (Minotaur Hunter)                Turns: 440, Time: 00:01:50

Health: 0/31       AC:  3    Str: 17    XL:     3   Next: 19%
Magic:  2/2        EV: 11    Int:  8    God:
Gold:   1          SH:  0    Dex: 10    Spells: 2/2 levels left

rFire   . . .      SeeInvis .   b - +0 spear
rCold   . . .      Faith    .   (no shield)
rNeg    . . .      Spirit   .   c - +0 leather armour
rPois   .          Reflect  .   (helmet restricted)
rElec   .          Harm     .   (no cloak)
rCorr   .          Rampage  .   (no gloves)
Will    .....                   (no boots)
Stlth   +.........              (no amulet)
HPRegen 0.10/turn               (no ring)
MPRegen 0.08/turn               (no ring)

@: no status effects
A: horns 2, retaliatory headbutt
a: no special abilities


You were on level 2 of the Dungeon.
You visited 1 branch of the dungeon, and saw 2 of its levels.

You collected 1 gold pieces.

Inventory:

Hand Weapons
 a - a +1 hunting sling
 b - a +0 spear (weapon)
Armour
 c - a +0 leather armour (worn)
Potions
 f - a potion of ambrosia {unknown}


   Skills:
 + Level 3.6 Fighting
 + Level 5.0 Slings
 - Level 2.1 Dodging
 - Level 0.7 Stealth


You had 2 spell levels left.
You didn't know any spells.
Your spell library was empty.

Dungeon Overview and Level Annotations

Branches:
Dungeon (2/15)

Altars:


Innate Abilities, Weirdness & Mutations

You have a pair of horns on your head.
You reflexively headbutt those who attack you in melee.


Message History

Terence misses you.
Unknown command.
b - a +0 spear (weapon)
You hit Terence but do no damage.
Terence is almost dead.
A frilled lizard comes into view.
Terence closely misses you. The jackal barely misses you.
You barely miss Terence.
The frilled lizard hisses angrily.
Your headbutt misses Terence.
Terence is almost dead.
The jackal bites you. Terence hits you with a +0 short sword.
* * * LOW HITPOINT WARNING * * *
The jackal closely misses you.
You hit Terence but do no damage.
Terence is almost dead.
Terence barely misses you. The jackal bites you.
* * * LOW HITPOINT WARNING * * *
The frilled lizard closely misses you. You furiously retaliate!
You headbutt the frilled lizard.
You kill the frilled lizard!
Terence hits you with a +0 short sword.
* * * LOW HITPOINT WARNING * * *
The goblin shouts!
You hit Terence but do no damage.
Terence is almost dead.
The jackal misses you.
The jackal bites you but does no damage.
Terence hits you but does no damage.
You barely miss Terence. You headbutt Terence.
You kill Terence!
The jackal bites you.
* * * LOW HITPOINT WARNING * * *
Your Slings skill increases to level 5!
You have reached level 3!
Your experience leads to an increase in your attributes!
Increase (S)trength, (I)ntelligence, or (D)exterity?
You feel stronger. The jackal bites you.
You die...

######## #......#
#......# #......#
####......# #.........#
#..†g.@?..# #...)h.....#
#..(.l.....#
##..........#
............#
##########((.lg........
...#BK...#.(..(.....##..
...#.#.#.#..........# .#
.###.#g#.#......#


You could see a jackal, 2 goblins and 2 frilled lizards.

Vanquished Creatures
  Terence (D:2)
  A bat (D:1)
  A goblin (D:2)
  A hobgoblin (D:1)
  2 jackals
  A kobold (D:1)
  A frilled lizard (D:2)
  3 rats
11 creatures vanquished.

Notes
Turn   | Place    | Note
-------+----------+-------------------------------------------
     0 | D:1      | speeev33 the Minotaur Hunter began the quest for the Orb.
     0 | D:1      | Reached XP level 1. HP: 18/18 MP: 0/0
    25 | D:1      | You fall into a shaft and drop 1 floor!
    59 | D:2      | Noticed Terence
    68 | D:1      | Reached XP level 2. HP: 4/25 MP: 1/1
   410 | D:1      | You fall into a shaft and drop 1 floor!
   439 | D:2      | Killed Terence
   440 | D:2      | Reached skill level 5 in Slings
   440 | D:2      | Reached XP level 3. HP: 2/31 MP: 2/2
   440 | D:2      | Slain by a jackal

Illustrated notes

Levels and vault maps discovered:
D:1:      minmay_arrival_five_plusses, layout_rooms,
          hellmonk_ecumenical_altar_inner_sanctum, minmay_indecisive_spiral
D:2:      minmay_diamond_boxcup, layout_basic, basic_altar, uniq_terence

Skill      XL: |  1  2 |
---------------+-------+-----
Fighting       | 3 |  3.6
Slings         | 5 |  5.0
Dodging        | |  2.1
Stealth        | |  0.7

Action                   || total
-------------------------++-------
Melee: Spear             ||     5
       Headbutt          ||     1
 Fire: Hunting sling     ||    30
Armor: Leather armour    ||    12
Dodge: Dodged            ||    29

Table legend: (Time is in decaauts)
 A = Elapsed time spent in this place.
 B = Non-inter-level travel time spent in this place.
 C = Inter-level travel time spent in this place.
 D = Time resting spent in this place.
 E = Time spent auto-exploring this place.
 F = Levels seen in this place.
 G = Mean time per level.
                   A        B        C        D        E       F      G
               +--------+--------+--------+--------+--------+-----+--------+
         Total |    439 |    439 |      0 |    254 |     81 |   2 |  219.5 |
       Dungeon |    439 |    439 |      0 |    254 |     81 |   2 |  219.5 |
               +--------+--------+--------+--------+--------+-----+--------+

Top non-repeatable levels by time:
     D:1: 370 daAuts
     D:2: 69 daAuts
